Map: Lightshade LE

Players

DisK

  • Race: Protoss Protoss

Nina - Winner!

  • Race: Protoss Protoss

Event: DreamHack SC2 Masters 2021 Winter

VOD

Have the link to the VOD?

Description

Time

  • Played on: Oct. 15, 2021, 4:17 p.m.
  • Length: 20:30

All games in this series

Show
View Real Time Build Order
Export as new Build Order

DisK Protoss 

Build Orders: Phoenix Opening, Blink Stalkers, Zealot Archon 

Get SALT Encoding   

  12  0:00  Probe  
  13  0:12  Probe  
  14  0:17  Pylon  
  14  0:24  Probe  
  15  0:35  Gateway  
  15  0:36  Probe (Chrono Boost)  
  16  0:45  Probe (Chrono Boost)  
  16  0:46  Assimilator  
  17  0:51  Probe (Chrono Boost)  
  17  0:54  Assimilator  
  18  1:03  Probe (Chrono Boost)  
  19  1:07  Gateway  
  20  1:12  Probe (Chrono Boost)  
  20  1:17  Probe (Chrono Boost)  
  20  1:23  Cybernetics Core  
  21  1:29  Probe  
  22  1:33  Pylon  
  22  1:41  Probe  
  23  1:53  Probe  
  24  1:59  Stalker  
  24  2:00  Stalker, Warp Gate  
  28  2:05  Probe  
  29  2:11  Pylon  
  29  2:17  Probe  
  29  2:22  Pylon  
  30  2:32  Sentry  
  30  2:36  Sentry  
  34  2:45  Nexus  
  34  2:53  Shield Battery  
  34  3:02  Sentry  
  34  3:03  Probe (Chrono Boost)  
  37  3:09  Pylon  
  37  3:14  Phoenix  
  37  3:15  Twilight Council  
  37  3:16  Probe (Chrono Boost)  
  38  3:21  Probe (Chrono Boost)  
  39  3:31  Probe (Chrono Boost)  
  41  3:41  Probe (Chrono Boost)  
  41  3:46  Probe (Chrono Boost)  
  41  3:48  Stalker x2  
  44  3:53  Blink (Chrono Boost)  
  46  3:58  Probe (Chrono Boost)  
  48  4:03  Probe (Chrono Boost)  
  48  4:07  Probe (Chrono Boost)  
  49  4:11  Probe (Chrono Boost)  
  49  4:12  Probe (Chrono Boost)  
  49  4:13  Stalker  
  53  4:17  Stalker  
  53  4:22  Probe  
  56  4:25  Probe  
  56  4:26  Pylon  
  56  4:30  Pylon  
  57  4:34  Probe  
  57  4:37  Probe  
  59  4:42  Stalker  
  61  4:46  Stalker, Probe  
  64  4:53  Probe  
  64  4:58  Nexus  
  65  5:06  Assimilator  
  65  5:10  Stalker x2  
  65  5:11  Probe  
  65  5:12  Probe  
  71  5:16  Pylon  
  71  5:21  Forge  
  71  5:25  Probe x2  
  73  5:33  Adept x2  
  77  5:37  Probe  
  77  5:38  Probe  
  77  5:39  Robotics Facility  
  79  5:43  Shield Battery  
  79  5:53  Protoss Ground Weapons Level 1 (Chrono Boost)  
  79  5:56  Probe x2  
  81  6:07  Gateway  
  81  6:08  Probe x2  
  81  6:09  Gateway  
  83  6:12  Gateway  
  83  6:13  Gateway  
  83  6:17  Probe  
  84  6:20  Probe  
  84  6:23  Probe  
  86  6:26  Pylon  
  86  6:30  Immortal  
  90  6:34  Gateway  
  90  6:35  Gateway  
  90  6:37  Probe x2  
  90  6:39  Probe  
  93  6:44  Phoenix  
  93  6:49  Stalker, Probe  
  93  6:50  Stalker, Assimilator  
  93  6:53  Pylon  
  93  6:54  Charge  
  98  7:03  Stalker  
  98  7:06  Pylon  
  100  7:08  Templar Archives  
  100  7:11  Probe x2  
  102  7:16  Pylon  
  102  7:17  Zealot x5  
  102  7:19  Observer (Chrono Boost)  
  102  7:22  Pylon  
  113  7:35  Zealot x3  
  113  7:36  Protoss Ground Weapons Level 2 (Chrono Boost)  
  119  7:39  Nexus  
  119  7:40  Pylon  
  119  7:47  High Templar x2  
  119  7:50  Zealot x3  
  119  7:51  Archon  
  129  7:55  Pylon  
  129  7:59  Photon Cannon  
  129  8:06  Zealot x3  
  129  8:10  Gateway  
  135  8:14  Gateway  
  135  8:16  Zealot, High Templar x2  
  135  8:19  Warp Prism (Chrono Boost)  
  141  8:21  Archon  
  141  8:26  Probe x3  
  146  8:30  Assimilator  
  146  8:37  Zealot x2, Robotics Bay  
  146  8:40  Zealot  
  146  8:41  Zealot  
  154  8:42  Probe  
  154  8:45  Probe  
  156  8:54  Photon Cannon  
  154  8:57  Zealot, Pylon, Shield Battery  
  154  9:06  Pylon  
  154  9:12  High Templar  
  154  9:13  High Templar x3  
  154  9:16  Zealot x4  
  154  9:17  Zealot x2, Archon x2  
  174  9:21  Probe x3  
  177  9:26  Robotics Facility  
  177  9:28  Assimilator  
  177  9:32  Probe  
  177  9:33  Probe x3  
  177  9:35  Pylon  
  177  9:38  Disruptor  
  166  9:55  Stalker x6  
  168  10:06  Stalker x3  
  160  10:08  Assimilator, Probe x2  
  160  10:09  Probe x2  
  160  10:10  Zealot, Assimilator  
  160  10:12  Observer  
  166  10:23  Dark Shrine  
  166  10:24  Photon Cannon  
  166  10:26  Photon Cannon  
  166  10:28  Shield Battery  
  166  10:29  Photon Cannon  
  166  10:32  Photon Cannon x2  
  168  10:36  Disruptor (Chrono Boost)  
  168  10:46  Disruptor (Chrono Boost)  
  168  10:49  Photon Cannon  
  171  10:52  Stalker x4  
  179  11:00  Pylon  
  179  11:09  Disruptor x2 (Chrono Boost)  
  185  11:14  Protoss Ground Weapons Level 3 (Chrono Boost)  
  185  11:16  Robotics Facility  
  185  11:17  Pylon  
  185  11:19  Zealot x3  
  185  11:20  Zealot x4  
  199  11:37  Gateway  
  199  11:39  Gateway, Pylon  
  197  11:44  Disruptor x2  
  191  11:56  Dark Templar x3  
  193  12:12  Shadow Stride (Chrono Boost)  
  193  12:14  Stalker x3  
  199  12:16  Gravitic Boosters  
  197  12:23  Observer  
  197  12:24  Observer  
  197  12:25  Observer  
  200  12:34  Stargate  
  200  12:45  Nexus, Pylon  
  200  12:47  Nexus  
  200  12:49  Pylon  
  172  13:25  Stalker x8  
  172  13:26  Stalker x2  
  172  13:48  Nexus  
  172  13:51  Pylon  
  172  13:52  Stalker x8  
  172  13:53  Disruptor x3  
  172  13:55  Protoss Ground Armor Level 1 (Chrono Boost)  
  192  14:18  Dark Templar  
  192  14:19  Dark Templar x3  
  191  14:26  Dark Templar  
  191  14:28  Zealot x5  
  198  14:46  Zealot  
  198  14:58  Dark Templar x4  
  198  14:59  Zealot x2  
  198  15:09  Probe x2  
  200  15:26  Assimilator  
  200  15:30  Assimilator x2  
  200  15:33  Photon Cannon, Shield Battery  
  200  15:34  Assimilator  
  200  15:36  Pylon  
  174  16:05  Probe x2  
  176  16:17  Photon Cannon  
  174  16:19  Photon Cannon, Disruptor x2 (Chrono Boost)  
  174  16:20  Disruptor (Chrono Boost)  
  174  16:21  Photon Cannon  
  174  16:22  Photon Cannon  
  174  16:24  Photon Cannon  
  180  16:27  Photon Cannon, Zealot x11  
  180  16:28  Photon Cannon, Zealot  
  189  16:51  Observer (Chrono Boost)  
  189  16:52  Observer x2 (Chrono Boost)  
  159  17:06  Dark Templar  
  159  17:07  Dark Templar x8  
  177  17:09  Observer x2 (Chrono Boost), Zealot x3  
  185  17:28  Nexus  
  188  17:30  Disruptor (Chrono Boost)  
  180  17:44  Disruptor (Chrono Boost)  
  168  18:08  Zealot x2  
  168  18:09  Zealot x7  
  135  18:24  Zealot  
  135  18:25  Zealot x2  
  126  18:35  Zealot x8  
  93  19:00  Zealot x5  
  75  19:18  Stalker x2  
  79  19:26  Pylon  
  71  19:50  Observer  
Show
View Real Time Build Order
Export as new Build Order

Nina Protoss - Winner!

Build Orders:  

Get SALT Encoding   

  12  0:00  Probe  
  13  0:13  Probe  
  14  0:20  Pylon  
  14  0:25  Probe  
  15  0:38  Probe (Chrono Boost)  
  15  0:40  Gateway  
  16  0:49  Assimilator, Probe (Chrono Boost)  
  17  0:54  Probe (Chrono Boost)  
  18  0:58  Assimilator  
  18  1:06  Probe (Chrono Boost)  
  18  1:09  Gateway  
  19  1:14  Probe (Chrono Boost)  
  20  1:20  Probe  
  21  1:27  Cybernetics Core  
  21  1:33  Probe  
  21  1:34  Pylon  
  22  1:45  Probe  
  23  1:57  Probe  
  24  2:03  Stalker x2  
  24  2:07  Pylon  
  28  2:09  Probe  
  28  2:15  Warp Gate  
  29  2:21  Probe  
  30  2:33  Probe  
  31  2:38  Stalker  
  31  2:42  Stalker  
  35  2:45  Probe  
  35  2:46  Pylon  
  36  2:58  Nexus  
  36  3:01  Probe  
  37  3:09  Stalker  
  39  3:13  Stalker  
  39  3:19  Shield Battery  
  41  3:22  Probe  
  42  3:30  Shield Battery  
  42  3:35  Probe  
  42  3:38  Robotics Facility  
  43  3:47  Probe (Chrono Boost)  
  44  3:58  Pylon  
  44  3:59  Probe (Chrono Boost)  
  45  4:08  Probe (Chrono Boost)  
  46  4:11  Sentry x2  
  46  4:12  Probe (Chrono Boost)  
  46  4:16  Probe (Chrono Boost)  
  52  4:17  Twilight Council  
  52  4:22  Probe (Chrono Boost)  
  52  4:23  Probe (Chrono Boost)  
  52  4:24  Assimilator  
  54  4:27  Probe (Chrono Boost)  
  54  4:30  Observer  
  56  4:32  Probe (Chrono Boost)  
  58  4:39  Probe (Chrono Boost)  
  58  4:40  Forge  
  58  4:45  Probe x2 (Chrono Boost)  
  60  4:53  Probe x2  
  60  4:58  Blink (Chrono Boost)  
  62  5:05  Nexus, Probe x2  
  62  5:07  Protoss Ground Weapons Level 1 (Chrono Boost)  
  64  5:09  Pylon  
  64  5:17  Gateway  
  64  5:20  Gateway  
  64  5:24  Gateway  
  64  5:29  Gateway  
  64  5:32  Probe  
  64  5:34  Probe  
  66  5:40  Stalker  
  66  5:42  Stalker  
  70  5:44  Probe  
  71  5:51  Pylon  
  71  5:52  Pylon  
  71  5:57  Shield Battery  
  71  6:05  Pylon  
  71  6:06  Gateway  
  71  6:09  Probe  
  71  6:10  Assimilator  
  71  6:11  Stalker x2  
  76  6:14  Observer  
  76  6:17  Stalker x2  
  80  6:21  Nexus  
  80  6:23  Pylon  
  80  6:30  Photon Cannon  
  80  6:32  Stalker  
  82  6:39  Robotics Bay, Probe  
  83  6:43  Shield Battery  
  83  6:48  Stalker, Pylon  
  83  6:53  Stalker  
  87  6:55  Probe, Protoss Ground Weapons Level 2  
  87  6:58  Probe  
  89  7:05  Observer (Chrono Boost)  
  89  7:07  Probe, Pylon  
  91  7:11  Probe  
  91  7:14  Stalker  
  94  7:19  Stalker, Probe  
  97  7:23  Probe, Disruptor (Chrono Boost)  
  101  7:31  Probe  
  101  7:35  Probe  
  103  7:38  Probe, Pylon  
  103  7:42  Photon Cannon  
  103  7:43  Probe  
  105  7:44  Pylon  
  105  7:49  Disruptor (Chrono Boost)  
  105  7:50  Assimilator  
  105  7:55  Stalker  
  110  8:03  Robotics Facility  
  110  8:04  Assimilator  
  110  8:08  Pylon  
  110  8:15  Pylon  
  110  8:17  Gateway, Disruptor  
  113  8:21  Probe  
  113  8:23  Pylon  
  113  8:26  Photon Cannon  
  114  8:27  Pylon  
  114  8:28  Probe  
  114  8:32  Stalker  
  117  8:41  Stalker x3  
  123  8:47  Probe  
  124  8:49  Probe  
  124  8:52  Stalker x2  
  124  8:53  Stalker, Disruptor (Chrono Boost)  
  134  9:03  Stalker  
  134  9:09  Pylon  
  135  9:10  Disruptor (Chrono Boost)  
  135  9:12  Pylon x2  
  135  9:14  Zealot x3  
  143  9:20  Photon Cannon  
  143  9:23  Zealot x2  
  147  9:25  Charge  
  147  9:30  Gateway  
  147  9:36  Pylon  
  147  9:38  Observer  
  144  9:46  Disruptor (Chrono Boost)  
  142  9:57  Nexus  
  142  9:58  Disruptor (Chrono Boost)  
  142  10:05  Stalker x7  
  150  10:08  Probe, Protoss Ground Weapons Level 3 (Chrono Boost)  
  151  10:22  Nexus  
  151  10:23  Disruptor (Chrono Boost)  
  151  10:27  Observer  
  155  10:40  Nexus  
  155  10:42  Disruptor  
  155  10:44  Pylon  
  155  10:45  Photon Cannon  
  155  10:52  Gravitic Boosters, Pylon  
  155  10:55  Probe x2  
  160  11:05  Templar Archives  
  160  11:07  Shield Battery  
  160  11:09  Photon Cannon  
  160  11:10  Observer  
  161  11:17  Probe  
  161  11:18  Photon Cannon  
  163  11:20  Zealot  
  163  11:21  Photon Cannon, Zealot  
  163  11:23  Zealot  
  168  11:35  Photon Cannon  
  168  11:36  Zealot x3  
  171  11:42  Disruptor  
  171  11:44  Zealot x2  
  174  11:50  Observer  
  174  11:51  Zealot x2  
  178  11:57  Stalker x2  
  182  12:09  Stalker x4  
  190  12:19  Photon Cannon  
  190  12:21  Assimilator  
  190  12:24  Assimilator, Probe  
  191  12:30  Photon Cannon  
  191  12:34  Photon Cannon  
  191  12:41  Observer x2, Dark Shrine  
  191  13:01  Disruptor  
  191  13:02  Zealot x3  
  200  13:11  Disruptor  
  192  13:12  Zealot  
  192  13:13  Zealot x3  
  192  13:18  Photon Cannon  
  192  13:25  Zealot x4  
  192  13:26  Zealot  
  186  13:27  Probe  
  186  13:29  Probe  
  186  13:32  Photon Cannon x2  
  186  13:33  Shield Battery  
  182  13:37  Disruptor  
  180  13:46  Disruptor  
  181  13:49  Zealot x4  
  181  13:50  Zealot  
  191  14:13  Disruptor  
  192  14:22  Disruptor  
  195  14:26  Zealot x2  
  196  14:45  Zealot x6  
  199  14:48  Disruptor  
  185  14:58  Disruptor  
  175  15:04  Stalker x3  
  179  15:15  Robotics Facility  
  179  15:21  Protoss Shields Level 1  
  178  15:22  Nexus, Shadow Stride  
  178  15:24  Disruptor  
  178  15:26  Pylon  
  178  15:27  Pylon  
  178  15:28  Observer, Pylon  
  181  15:33  Disruptor  
  176  15:50  Dark Templar x9  
  189  16:00  Disruptor  
  189  16:02  Nexus  
  189  16:03  Probe x4  
  196  16:05  Photon Cannon  
  196  16:09  Disruptor  
  199  16:15  Probe  
  198  16:24  Dark Templar x2  
  193  16:36  Observer  
  193  16:38  Dark Templar x3  
  199  16:45  Observer  
  198  16:57  Disruptor  
  198  17:01  Nexus  
  187  17:04  Dark Templar x5  
  187  17:06  Disruptor  
  200  17:10  Photon Cannon  
  200  17:21  Gateway  
  200  17:25  Pylon  
  196  17:51  Dark Templar x4  
  191  18:03  Disruptor  
  186  18:10  Dark Templar x4  
  194  18:25  Disruptor  
  195  18:28  Assimilator  
  195  18:29  Photon Cannon, Assimilator  
  171  18:50  Disruptor  
  150  19:02  Zealot x7  
  139  19:03  Zealot, Disruptor  
  134  19:15  Stalker  
  126  19:22  Stalker x6  
  126  19:23  Stalker x2  
  142  19:25  Photon Cannon, Disruptor  
  142  19:26  Pylon  
  139  19:32  Shield Battery  
  139  19:39  Disruptor  
  139  19:45  Dark Templar x4  
  134  19:46  Dark Templar  
  122  20:00  Dark Templar x3  
  122  20:02  Zealot  
  128  20:12  Zealot x4  

Tags
 
Add a new tag
Caveats
  • Supply blocks, unpowered buildings, or Contaminate may cause inaccurate times.
  • Supply counts are checked every 10 seconds.